Cogmind - Beta 9.4 @@@ ROGUE MODE // 2020.02.24 @ 15:31:09 Player: BOBIT Result: Destroyed by H-55 Commando with Gauss Rifle Performance ------------- Evolutions (0) 0 Regions Visited (3) 600 Robots Destroyed (10) 50 Value Destroyed (297) 297 Prototype IDs (22) 440 Alien Tech Used (0) 0 Bonus (300) 300 TOTAL SCORE: 1687 Bonus ------- Aligned with FarCom 300 Cogmind --------- Core Integrity 0/250 Matter 290/300 Energy 80/100 System Corruption 6% Temperature Cool (0) Movement Core (50) Location -10/Exiles Parts ------- > --- POWER (1) -------- (None) > --- PROPULSION (2) --- Carbon-fiber Leg > --- UTILITY (2) ------ (None) > --- WEAPON (2) ------- (None) > --- INVENTORY (4) ---- Humpback Humpback Peak State ------------ > --- POWER ------------ (None) > --- PROPULSION ------- (None) > --- UTILITY ---------- Humpback > --- WEAPON ----------- AWS/Thermal > --- INVENTORY -------- Aluminum Leg Aluminum Leg High-capacity Storage Unit Humpback Humpback Humpback Humpback Small Matter Pod Small Matter Pod High-capacity Matter Pod High-capacity Matter Pod High-capacity Matter Pod Sensor Array Assault Rifle [Rating: 19] Favorites ----------- Power Light Ion Engine Engine Light Ion Engine Propulsion Wheel Wheel Wheel Flight Unit Flight Unit Utility Humpback Storage Humpback Processor Targeting Computer Weapon AWS/Thermal Energy Gun AWS/Thermal Ballistic Gun Assault Rifle Special Weapon Welding Torch Build | -11 -10 -10 -10 ------- Run | Scr Mat Min Exi Slots Evolved . | . . . . Power . | . . . . Propulsion . | . . . . Utility . | . . . . Weapon . | . . . . Parts Attached 16 | 7 6 . 3 Power 1 | 1 . . . Engine 1 | 1 . . . Core . | . . . . Reactor . | . . . . Propulsion 5 | 2 2 . 1 Treads . | . . . . Leg 1 | . . . 1 Wheel 2 | 2 . . . Hover . | . . . . Flight 2 | . 2 . . Utility 4 | 1 2 . 1 Device . | . . . . Storage 2 | 1 . . 1 Processor 2 | . 2 . . Hackware . | . . . . Protection . | . . . . Artifact . | . . . . Weapon 6 | 3 2 . 1 Energy Gun 4 | 2 1 . 1 Energy Cannon . | . . . . Ballistic Gun 1 | 1 . . . Ballistic Cannon . | . . . . Launcher . | . . . . Special Weapon 1 | . 1 . . Impact Weapon . | . . . . Slashing Weapon . | . . . . Piercing Weapon . | . . . . Special Melee Weapon . | . . . . Unidentified Prototypes . | . . . . Parts Lost 4 | . 3 . 1 Power 1 | . 1 . . Propulsion 2 | . 2 . . Utility . | . . . . Weapon 1 | . . . 1 Highest Loss Streak 3 | . 3 . 1 Average Slot Usage (%) 17 | . 89 28 15 Storage 13 | . 2 . 13 Processor 1 | . 23 28 . Energy Gun 1 | . 22 . 1 Naked Turns 5 | . . . 5 Heaviest Build 88 | 11 11 . 88 Greatest Support 20 | 20 20 3 3 Greatest Overweight (x) 29 | . 1 . 29 Average Overweight (x) 12 | . . . 21 Largest Inventory Capacity 24 | 6 6 4 24 Average Capacity 22 | 4 4 4 23 Most Carried 20 | 6 6 4 20 Average Carried 11 | 3 4 4 12 Final Capacity 6 | 6 4 4 4 Final Carried 6 | 6 4 4 4 Class Distribution -------------------- 94% | Hauler-Mutant 5% | Mutant Dominant Class ---------------- Mutant | -10/Materials Mutant | -10/Mines Hauler-Mutant | -10/Exiles Resources | -11 -10 -10 -10 ----------- Run | Scr Mat Min Exi Matter Collected 491 | 204 82 . 205 Remotely . | . . . . Salvage Created 341 | . 82 . 259 Parts 20 | . 7 . 13 Haulers Intercepted . | . . . . Recyclers Shooed . | . . . . Parts Field Recycled . | . . . . Retrieved Matter . | . . . . Parts Self-Destructed . | . . . . Prevented . | . . . . Kills | -11 -10 -10 -10 ------- Run | Scr Mat Min Exi Combat Hostiles Destroyed 9 | . 3 . 6 Guns 9 | . 3 . 6 Classes Destroyed 5 | . 2 . 3 Watcher 1 | . 1 . . Swarmer 3 | . 3 . . Grunt 4 | . . . 4 Hunter 1 | . . . 1 Programmer 1 | . . . 1 Best Kill Streak 5 | . 3 . 5 Combat Bots Only 5 | . 3 . 5 Max Kills in Single Turn 1 | . 1 . 1 Gunslinging . | . . . . Exploded . | . . . . Melee . | . . . . Uniques/NPCs Destroyed . | . . . . Combat | -11 -10 -10 -10 -------- Run | Scr Mat Min Exi Damage Taken 879 | . 287 . 592 Core 267 | . 91 . 176 Absorbed by Shields . | . . . . Core Remaining (%) 100 | 100 . . . Volleys Fired 13 | . 13 . . Largest 2 | . 2 . . Hottest 100 | . 100 . . Shots Fired 45 | . 22 . 23 Gun 41 | . 18 . 23 Cannon . | . . . . Launcher . | . . . . Special 4 | . 4 . . Kinetic . | . . . . Thermal 45 | . 22 . 23 Explosive . | . . . . Electromagnetic . | . . . . Robot Hit Streak 6 | . 3 . 6 Robot Miss Streak 3 | . 3 . 1 Penetration Max . | . . . . Secondary Targets 1 | . 1 . . Max Gunslinging Chain 1 | . 1 . . Autonomous 23 | . . . 23 Shots Hit Robots 26 | . 8 . 18 Core Hits 10 | . 4 . 6 Critical Hits . | . . . . Critical Kills . | . . . . Critical Parts Destroyed . | . . . . Melee Attacks . | . . . . Impact . | . . . . Slashing . | . . . . Piercing . | . . . . Sneak Attacks . | . . . . Combat Hostiles . | . . . . Follow-up Attacks . | . . . . Damage Inflicted 642 | . 103 . 539 Guns 640 | . 101 . 539 Cannons . | . . . . Explosions . | . . . . Melee . | . . . . Ramming . | . . . . Kinetic . | . . . . Thermal 642 | . 103 . 539 Explosive . | . . . . Electromagnetic . | . . . . Impact . | . . . . Slashing . | . . . . Piercing . | . . . . Highest Corruption 6 | . . . 6 Average Corruption 3 | . . . 3 Corruption Purged . | . . . . Effects 1 | . . . 1 Data Loss (minor) 1 | . . . 1 Overload Shots . | . . . . Overflow Damage . | . . . . Projectiles . | . . . . Explosions . | . . . . Melee . | . . . . Knockbacks . | . . . . Impact . | . . . . Kinetic . | . . . . Secondary . | . . . . Self-Inflicted Damage . | . . . . Shots . | . . . . Rammed . | . . . . Targets Rammed . | . . . . Kicked . | . . . . Crushed . | . . . . Highest Temperature 195 | . 195 . . Average Temperature 66 | . 66 . . Received Heat Transfer 153 | . 99 . 54 Siege Activations . | . . . . Robots Corrupted . | . . . . Combat Hostiles . | . . . . Parts Fried . | . . . . Impact Corruptions . | . . . . Robots Melted . | . . . . Combat Hostiles . | . . . . Parts Melted 1 | . . . 1 Heat Transferred 987 | . 321 . 666 Parts Sabotaged . | . . . . Parts Stolen . | . . . . Parts Stripped . | . . . . Power Chain Reactions . | . . . . Missiles Intercepted . | . . . . Alert | -11 -10 -10 -10 ------- Run | Scr Mat Min Exi Peak Influence 197 | . 197 12 . Average Influence 52 | . 79 12 . Maximum Alert Level . | . . . . Low Security (%) 100 | 100 100 100 . Level 1 . | . . . . Level 2 . | . . . . Level 3 . | . . . . Level 4 . | . . . . Level 5 . | . . . . High Security . | . . . . Max Security . | . . . . Squads Dispatched 1 | . 1 . . Investigation . | . . . . Extermination . | . . . . Reinforcement 1 | . 1 . . Assault . | . . . . Garrison . | . . . . Intercept . | . . . . Construction Impeded . | . . . . Haulers Reinforced . | . . . . Stealth | -11 -10 -10 -10 --------- Run | Scr Mat Min Exi Distress Signals 1 | . 1 . . Communications Jammed . | . . . . Distress Signals . | . . . . Times Spotted 30 | . 16 . 14 Peak Tracking Total 7 | . 6 . 7 Tactical Retreats 1 | . 1 . . Traps | -11 -10 -10 -10 ------- Run | Scr Mat Min Exi Traps Triggered . | . . . . Indirectly . | . . . . Trap Hack Attempts . | . . . . Triggered . | . . . . Disarmed . | . . . . Reprogrammed . | . . . . Reused . | . . . . Traps Extracted . | . . . . Installed . | . . . . Triggered . | . . . . Machines | -11 -10 -10 -10 ---------- Run | Scr Mat Min Exi Machines Disabled . | . . . . Max in Single Turn . | . . . . Machines Sabotaged . | . . . . Garrisons Compromised . | . . . . Overloaded Fab Kills . | . . . . Fab Network Shutdowns . | . . . . Hacking | -11 -10 -10 -10 --------- Run | Scr Mat Min Exi Machines Accessed 7 | . 2 . 5 Terminals 2 | . 2 . . Fabricators . | . . . . Repair Stations . | . . . . Recycling Units . | . . . . Scanalyzers . | . . . . Garrison Access . | . . . . Total Hacks 55 | . 6 . 49 Successful 53 | . 4 . 49 Failed 2 | . 2 . . Catastrophic 1 | . 1 . . Database Lockouts . | . . . . Manual 4 | . 3 . 1 Terminals 6 | . 6 . . Fabricators . | . . . . Repair Stations . | . . . . Recycling Units . | . . . . Scanalyzers . | . . . . Garrison Access . | . . . . Terminal Hacks 53 | . 4 . 49 Record 48 | . . . 48 Terminal Index 1 | . 1 . . Unreport Threat 1 | . 1 . . Reinforcement Status 1 | . 1 . . Recall Reinforcements 1 | . 1 . . EX-Prototype ID Bank 1 | . . . 1 Fabricator Hacks . | . . . . Repair Station Hacks . | . . . . Recycling Unit Hacks . | . . . . Scanalyzer . | . . . . Garrison Access Hacks . | . . . . Unauthorized Hacks . | . . . . Terminals . | . . . . Fabricators . | . . . . Repair Stations . | . . . . Recycling Units . | . . . . Scanalyzers . | . . . . Garrison Access . | . . . . Data Cores Recovered . | . . . . Used . | . . . . Hacking Detections 2 | . 2 . . Full Trace Events . | . . . . Feedback Events . | . . . . Feedback Blocked . | . . . . Robot Schematics Acquired . | . . . . Robots Built . | . . . . Matter . | . . . . Time . | . . . . Total Robot Build Rating . | . . . . Part Schematics Acquired . | . . . . Parts Built . | . . . . Matter . | . . . . Time . | . . . . Total Part Build Rating . | . . . . Parts Repaired . | . . . . Time . | . . . . Parts Recycled . | . . . . Recycled Matter . | . . . . Retrieved Matter . | . . . . Retrieved Components . | . . . . Parts Scanalyzed . | . . . . Part Schematics Acquired . | . . . . Parts Damaged . | . . . . Bothacking | -11 -10 -10 -10 ------------ Run | Scr Mat Min Exi Used RIF Installer . | . . . . Robots Hacked . | . . . . Non-combat . | . . . . Combat . | . . . . Robot Hacks Applied . | . . . . Relay Couplers Released . | . . . . Robots Rewired . | . . . . Allies Hacked . | . . . . Hacks Repelled . | . . . . Allies | -11 -10 -10 -10 -------- Run | Scr Mat Min Exi Total Allies . | . . . . Largest Group . | . . . . Highest-Rated Group . | . . . . Highest-Rated Ally . | . . . . Total Orders . | . . . . Ally Attacks . | . . . . Total Damage . | . . . . Kills . | . . . . Allies Corrupted . | . . . . Allies Melted . | . . . . Intel | -11 -10 -10 -10 ------- Run | Scr Mat Min Exi Robot Analysis Total . | . . . . Derelict Logs Recovered . | . . . . Drone Launches . | . . . . Drone Recoveries . | . . . . Exploration | -11 -10 -10 -10 ------------- Run | Scr Mat Min Exi Turns Passed 6538 | 56 195 60 6227 Spaces Moved 978 | 54 252 120 552 Core 730 | 11 47 120 552 Treads . | . . . . Legs . | . . . . Wheels 119 | 43 76 . . Hover . | . . . . Flight 129 | . 129 . . Fastest Speed 37 | 50 37 50 50 Average Speed 658 | 73 53 50 1124 Slowest Speed 1500 | 80 120 50 1500 Overloaded Moves . | . . . . Propulsion Burnouts . | . . . . Robots Hopped 4 | . 4 . . Cave-ins Triggered . | . . . . Exploration Rate (%) 42 | 2 44 31 92 Regions Visited 3 Branch Regions 2 Pre-discovered Areas 1 | . . . 1 Known Exits Taken . | . . . . Unknown Exits Taken 3 | 1 1 1 . Scrap Searched . | . . . . Spaces Dug . | . . . . Terrain Destroyed 1 | . . . 1 Melee . | . . . . Projectile 1 | . . . 1 AOE . | . . . . Actions | -11 -10 -10 -10 --------- Run | Scr Mat Min Exi Total 1049 | 66 289 119 575 Wait 12 | . 9 . 3 Move 967 | 53 243 119 552 Hop 4 | . 4 . . Pick Up 21 | 6 3 . 12 Fast Attach 13 | 6 4 . 3 Attach 1 | . 1 . . Detach 3 | . 1 . 2 Swap 2 | 1 1 . . Drop 13 | . 10 . 3 Fire 13 | . 13 . . Melee . | . . . . Ram . | . . . . Kick . | . . . . Crush . | . . . . Escape Stasis . | . . . . Rewire . | . . . . Trap . | . . . . Miscellaneous . | . . . . Route ------- -11/Scrapyard -10/Materials -10/Mines (discovered 2 exits: [*Mat] / *Exi) -10/Exiles (discovered 2 exits: [*Min x2]) History --------- Turn | Location | Event 18 | -11/Scrapyard | Discovered new exit (range 14) 57 | -11/Scrapyard | Entered Materials 137 | -10/Materials | Discovered new exit (range 16) 252 | -10/Materials | Entered Mines 259 | -10/Mines | Discovered new exit (range 10) 271 | -10/Mines | Lost 3 parts (1p2n) 307 | -10/Mines | Build established: Mutant 310 | -10/Mines | Deemed a non-threat by the Exiles lab entrance 310 | -10/Mines | Discovered new exit (range 5) 312 | -10/Mines | Entered Exiles 321 | -10/Exiles | Discovered new exit (range 17) 325 | -10/Exiles | Met 8R-AWN 333 | -10/Exiles | Met EX-HEX 605 | -10/Exiles | Met EX-DEC 647 | -10/Exiles | Build established: Hauler-Mutant 890 | -10/Exiles | Visited The Gauntlet 2495 | -10/Exiles | Learned location of Zion (-7) 3800 | -10/Exiles | Discovered new exit (range 10) 4975 | -10/Exiles | Met EX-BIN 5137 | -10/Exiles | Aligned with FarCom system 5150 | -10/Exiles | Given EX-Vault access code 5798 | -10/Exiles | Opened EX-Vault 5852 | -10/Exiles | Found Prototype Device 5907 | -10/Exiles | Found Prototype Device 5962 | -10/Exiles | Identified Supersonic Drone Bay 5962 | -10/Exiles | Identified Chronowheel 6004 | -10/Exiles | Found AWS/Thermal 6320 | -10/Exiles | Warned to stay clear of 0b10 Research branches 6381 | -10/Exiles | Exiles lab attacked by MAIN.C 6520 | -10/Exiles | Core integrity fell below 50% 6538 | -10/Exiles | Core integrity fell below 20% 6539 | -10/Exiles | Destroyed by H-55 Commando with Gauss Rifle Last Messages --------------- 06489_ G-34 Mercenary destroyed. 06489_ Penetrated by Slug. 06489_ Machine disabled. 06494_ Penetrated by Slug. 06496_ G-34 Mercenary destroyed. 06497_ Penetrated by Slug. 06499_ G-34 Mercenary destroyed. 06501_ Slug penetrates Machine. 06502_ Destroyed Sml. Laser. 06503_ H-55 Commando destroyed. 06505_ G-34 Mercenary destroyed. 06532_ Target Analyzer melted. 06532_ P-60 Hacker destroyed. 06533_ Dropped Humpback. 06534_ System corrupted: Component data lost. 06534_ Extracted 10 matter. 06534_ Critical hit. 06534_ AWS/Thermal destroyed. 06537_ Penetrated by Slug. 06539_ Acquired Carbon-fiber Leg. Map ----- +----------------------------------------------------+ | ???????????#" #???????????????????????? | | ???????????#" ## #???????????????????????? | | ???????????#""""""## #?#########?????????????? | | ???????????##"###### #?#"""""""#?????????????? | | ??????????? "?????# #?#"""""""#?????????????? | | ??????????""" ?????# #?#"""""""#?????????????? | | ?????????#""" ????## ###"" """"#?????????????? | | ????????????" ????#" """"#?????????????? | | ????????????##????#" """#?????????????? | | ??????????????????#" """#?????????????? | | ??????????????????# """#?????????????? | | ???########???????# """#?????????????? | | ???# """#???????# """##????????????? | | ???#"" """#???????## """""????????????? | | ???#"" #????????# """##????????????? | | ???#"" #????????# "X" """""????????????? | | ???#"" "#????????# ! """ # ????????????? | | ???# ""#????????# !!! """""""""#?????????????? | | ???#"" ""#???????##"[=!!###########?????????????? | | ???### ###??????##"" !=!#???????????????????????? | | ???### ###?######" !! ##??????????????????????? | | ####X# #"###""""""" ;#??????????????????????? | | """""" " "" ##???###########???????? | | "" "" " #####"""""""""##??????? | | " " " """ """"##?????? | | @ "" " #?????? | | =%%= " """#?????? | | =%==! " "#?????? | | *%[ " "##????? | | [% h ""###??? | | " """""" !!gp """#??? | | ######""" hh "#??? | | ""##????#####""" ##?? | | """##?????????##""" ##? | | """##???????????#"""" g ## | | ""#???????????##"" g | | ########??####"""" | | ## ####""" h | | """" | | # | | " ## | | " ##? | | " "" """ ""#?? | | "" ""## ##""" " " ""#" "##?? | | ""#### ######""" """##"""""""##??? | | """"##??# #????###""""###########???? | | " """#??## ####???######?????????????? | | ""##??#! "!#??????????????????????? | | " """##???#" !#??????????????????????? | | """ ##????#" "#??????????????????????? | +----------------------------------------------------+ Best States ------------- Heat Dissipation 25 Energy Generation 10 Energy Capacity 125 Matter Stores 300 Matter Capacity 300 Sight Range 18 Terrain Scan Density 10 Evasion (%) 62 Targeting Accuracy 5 Item Schematics ----------------- None Robot Schematics ------------------ None Fabricated ------------ Nothing Alien Tech Used ----------------- None Achievements -------------- None Challenges ------------ None Game ------ Seed ReactiveSignalFalx Manual? 0 Play Time 00:17:21 Cumulative 37.6 hours Start 2020.02.24 @ 09:57:09 End 2020.02.24 @ 15:31:09 Sessions 1 Manual Loads 0 Difficulty Rogue Special Mode None Game No. 87 Rogue 87 Adventurer 0 Explorer 0 Win Type - Total 0 Types 0/0/0/0/0/0/0 Lore% 19 Gallery% 42 Achievement% 28 Wizard Run 0 Options --------- ASCII 0 Keyboard 1 Movement Numpad Keybinds 0 Fullscreen 2 Font 18/TerminusBold Map View 76x50 Tactical HUD 1 Map Filters NONE Filters NONE Steam 1 RUN: 7e9c739f-b567-4ed7-9096-98280a49c1b2